Panthers vs Oilers

Created - 10 février 2020 at 19:58

Goals
1 2 3 OT1 SO T
Panthers 0 1 0 0 1 2
Oilers 0 0 1 0 0 1
Shots
1 2 3 OT1 SO T
Panthers 13 9 10 3 3 35
Oilers 12 8 7 3 3 30

1st period

No Goal

Penalties :
Patrik Nemeth (FLA) for Tripping (Minor) at 18:34

2nd period

1. Panthers , Taylor Hall 15 (J.T. Miller 25) at 10:42

Penalties :
Cameron Gaunce (EDM) for High sticking (Minor) at 1:26, Adam McQuaid (FLA) for Hooking (Minor) at 13:06, Nico Hischier (EDM) for Hooking (Minor) at 16:33

3rd period

2. Oilers , Justin Abdelkader 8 (Connor McDavid 36, Seth Jones 17) at 2:07

Penalties :
Adam McQuaid (FLA) for Hooking (Minor) at 9:29

Overtime #1

No Goal

Penalties :
No Penalty

Shootout

Panthers, Mats Zuccarello - Goal!
Oilers, Connor McDavid - Stopped by Antti Raanta
Panthers, Travis Zajac - Stopped by Thomas Greiss
Oilers, Ryan Johansen - Stopped by Antti Raanta
Panthers, J.T. Miller - Shot Misses the Net
Oilers, Nico Hischier - Stopped by Antti Raanta

Penalties :
No Penalty

Goalie Stats

Antti Raanta (FLA), 29 saves from 30 shots - (0,967), W, 9-20-3, 65:00 minutes
Thomas Greiss (EDM), 34 saves from 35 shots - (0,971), OTL, 22-9-6, 65:00 minutes

Players Stats for Panthers

Player Name              G  A  P  +/- PIM S  H  SB GA TA FO     MP     PP MP  PK MP  
------------------------------------------------------------------------------------
Adam Cracknell           0  0  0  -1  0   4  1  2  0  0  0/1    14:41   0:00   0:00 
Adam McQuaid             0  0  0  -1  4   1  2  1  0  0  0/0    18:18   1:34   0:04 
Alexander Petrovic       0  0  0   0  0   1  1  1  0  1  0/0    16:48   0:00   3:54 
Andrew Ladd              0  0  0   0  0   6  1  1  1  0  0/0    18:54   1:48   0:26 
Devante Smith-Pelly      0  0  0   0  0   1  0  0  0  0  0/0     4:49   0:00   0:00 
Garnet Hathaway          0  0  0   0  0   1  0  1  1  0  0/2     4:49   0:00   0:00 
Greg Pateryn             0  0  0   1  0   1  0  0  0  0  0/0    23:31   1:49   3:54 
J.T. Miller              0  1  1   1  0   3  0  0  2  1  14/22  20:19   2:10   1:25 
Jamie Oleksiak           0  0  0   0  0   1  0  0  0  1  0/0    12:39   0:35   0:00 
Jonas Siegenthaler       0  0  0   0  0   0  0  0  0  0  0/0     5:45   0:00   0:00 
Kyle Brodziak            0  0  0  -1  0   1  2  1  2  1  8/11   16:46   0:00   0:00 
Kyle Clifford            0  0  0   0  0   0  0  0  0  0  0/0     1:36   0:00   0:00 
Libor Hajek              0  0  0   0  0   0  0  0  0  1  0/0     5:45   0:00   0:00 
Mats Zuccarello          0  0  0   1  0   4  3  0  0  1  1/3    20:01   2:10   1:25 
Matt Moulson             0  0  0   0  0   4  1  0  2  1  1/2    17:54   1:48   0:00 
Patrik Nemeth            0  0  0   1  2   0  1  3  0  3  0/0    23:16   2:24   1:59 
Ryan Callahan            0  0  0  -1  0   2  1  0  1  0  0/1    16:05   0:00   0:33 
Taylor Hall              1  0  1   1  0   2  3  3  2  0  1/8    24:46   2:10   3:59 
Travis Zajac             0  0  0   0  0   3  1  0  0  0  15/22  22:26   1:48   4:06 
Trevor Daley             0  0  0  -1  0   0  0  0  0  0  0/0    19:52   1:34   2:03 

Players Stats for Oilers

Player Name              G  A  P  +/- PIM S  H  SB GA TA FO     MP     PP MP  PK MP  
------------------------------------------------------------------------------------
Aaron Ekblad             0  0  0   1  0   3  0  3  0  1  0/0    28:59   4:43   2:19 
Cameron Gaunce           0  0  0   0  2   0  0  0  0  1  0/0     9:41   0:00   0:00 
Connor McDavid           0  1  1   0  0   6  3  1  1  0  19/29  29:07   3:59   2:16 
Conor Sheary             0  0  0   0  0   5  1  2  0  0  2/9    14:46   0:00   0:06 
Greg Carey               0  0  0   0  0   1  0  0  1  1  1/5     8:09   0:00   1:13 
Jordan Eberle            0  0  0   0  0   2  2  1  0  0  0/0    18:23   1:58   1:00 
Justin Abdelkader        1  0  1   0  0   3  2  0  0  1  2/3    21:02   3:59   0:00 
Marc-Edouard Vlasic      0  0  0  -1  0   0  0  1  1  0  0/0    17:50   1:14   1:39 
Marco Scandella          0  0  0  -1  0   0  2  0  0  0  0/0    17:50   1:14   1:39 
Mike Reilly              0  0  0   0  0   0  0  1  0  0  0/0     5:46   0:00   0:00 
Nico Hischier            0  0  0   0  2   1  1  2  4  0  2/15   18:02   1:58   0:24 
Oliver Bjorkstrand       0  0  0   0  0   5  2  0  0  0  0/0    14:04   0:00   0:00 
Ryan Johansen            0  0  0   0  0   3  2  0  2  0  6/11   24:17   3:59   2:15 
Seth Jones               0  1  1   1  0   1  1  0  1  3  0/0    29:05   4:43   2:19 
Sonny Milano             0  0  0   0  0   0  0  0  0  0  0/0     6:15   0:00   0:00 
Tyler Motte              0  0  0   0  0   0  2  0  0  0  0/0    13:57   0:00   0:42 
Vince Dunn               0  0  0   0  0   0  0  0  0  1  0/0    11:04   0:00   0:00 
Zach Trotman             0  0  0   0  0   0  1  0  0  0  0/0     5:01   0:00   0:00 
Zemgus Girgensons        0  0  0   0  0   0  2  0  0  3  0/0    17:42   1:58   0:00 

3 Stars

1 - Thomas Greiss (EDM)
2 - Antti Raanta (FLA)
3 - Taylor Hall (FLA)

Power Play

Panthers - 0 on 2 Attempt(s) - 0,00%
Oilers - 0 on 3 Attempt(s) - 0,00%

Penalty Kill

Panthers - 3 on 3 Attempt(s) - 100,00% - Score 0 goal in Penalty Kill
Oilers - 2 on 2 Attempt(s) - 100,00% - Score 0 goal in Penalty Kill

Team Stat

Panthers - Hits : 17 - Faceoff Wins : 40 - Blocked Shots : 13 - Penalty Minutes : 6
Oilers - Hits : 21 - Faceoff Wins : 32 - Blocked Shots : 11 - Penalty Minutes : 4

Official

Referees : Jacob Brenk and Dan O'Halloran
Linesman : Brandon Gawryletz and Ryan Gibbons

Game Notes

Cameron Gaunce is injured at 12:52 of 3rd period (Left Forearm)
Taylor Hall is injured at 0:12 of 1st overtime period (Strained Right Elbow)

Finance

Level 1 -- Attendance: 4403 (73,38%) -- Ticket Income 462 315 $
Level 2 -- Attendance: 3591 (71,82%) -- Ticket Income 233 415 $
Level 3 -- Attendance: 1904 (95,20%) -- Ticket Income 72 352 $
Level 4 -- Attendance: 3463 (86,58%) -- Ticket Income 79 649 $
Luxury Box -- Attendance: 722 (72,20%) -- Ticket Income 137 180 $
Game was played at the Edmonton Coliseum.
Total Attendance: 14083 (78,24%)
Total Ticket Income: 984 911 $
Other Income: 482 606 $
Total Income: 1 467 517 $

Panthers

5 vs 5 Forward 
   Center                   Left Wing                Right Wing               Time % Phy DF OF 
 1 J.T. Miller              Taylor Hall              Mats Zuccarello          34     1   2  2  
 2 Travis Zajac             Matt Moulson             Andrew Ladd              33     1   2  2  
 3 Kyle Brodziak            Ryan Callahan            Adam Cracknell           24     1   2  2  
 4 Garnet Hathaway          Devante Smith-Pelly      Taylor Hall              9      1   2  2  

5 vs 5 Defense 
   Defense                  Defense                                           Time % Phy DF OF 
 1 Patrik Nemeth            Greg Pateryn                                      34     1   2  2  
 2 Trevor Daley             Adam McQuaid                                      32     1   2  2  
 3 Jamie Oleksiak           Alexander Petrovic                                24     1   2  2  
 4 Libor Hajek              Jonas Siegenthaler                                10     1   2  2  

PowerPlay Forward 
   Center                   Left Wing                Right Wing               Time % Phy DF OF 
 1 Taylor Hall              J.T. Miller              Mats Zuccarello          60     1   2  2  
 2 Travis Zajac             Matt Moulson             Andrew Ladd              40     1   2  2  

PowerPlay Defense
   Defense                  Defense                                           Time % Phy DF OF 
 1 Patrik Nemeth            Greg Pateryn                                      60     1   2  2  
 2 Trevor Daley             Adam McQuaid                                      40     1   2  2  

Penalty Kill 4 Players Forward 
   Center                   Wing                     Time % Phy DF OF 
 1 Taylor Hall              Travis Zajac             60     1   2  2  
 2 J.T. Miller              Mats Zuccarello          40     1   2  2  

Penalty Kill 4 Players Defense
   Defense                  Defense                  Time % Phy DF OF 
 1 Patrik Nemeth            Greg Pateryn             60     1   2  2  
 2 Trevor Daley             Adam McQuaid             40     1   2  2  

Penalty Kill - 3 Players Forward 
   Forward                                           Time % Phy DF OF 
 1 Taylor Hall                                       60     1   2  2  
 2 Travis Zajac                                      40     1   2  2  

Penalty Kill - 3 Players Defense
   Defense                  Defense                  Time % Phy DF OF 
 1 Patrik Nemeth            Greg Pateryn             60     1   2  2  
 2 Trevor Daley             Adam McQuaid             40     1   2  2  

4 vs 4 Forward 
   Center                   Wing                     Time % Phy DF OF 
 1 Taylor Hall              Travis Zajac             60     1   2  2  
 2 J.T. Miller              Mats Zuccarello          40     1   2  2  

4 vs 4 Defense
   Defense                  Defense                  Time % Phy DF OF 
 1 Patrik Nemeth            Greg Pateryn             60     1   2  2  
 2 Trevor Daley             Adam McQuaid             40     1   2  2  

Last Minutes Offensive
   Center                   Left Wing                Right Wing               Defense                  Defense                  
   Taylor Hall              J.T. Miller              Mats Zuccarello          Patrik Nemeth            Greg Pateryn             

Last Minutes Defensive
   Center                   Left Wing                Right Wing               Defense                  Defense                  
   Taylor Hall              J.T. Miller              Mats Zuccarello          Patrik Nemeth            Greg Pateryn             

Goaltenders
Starting : Antti Raanta             
Backup : Carter Hutton            

Extra Forwards
Normal : Kyle Clifford, Kyle Brodziak, Ryan Callahan - PP : Kyle Clifford, Kyle Brodziak - PK : Ryan Callahan
Extra Defensemen
Normal : Jamie Oleksiak, Alexander Petrovic, Libor Hajek - PP : Jamie Oleksiak - PK : Alexander Petrovic, Libor Hajek
Penalty Shots
Taylor Hall, Travis Zajac, J.T. Miller, Mats Zuccarello, Matt Moulson
Custom OT Lines Forwards
Taylor Hall, Travis Zajac, J.T. Miller, Mats Zuccarello, Matt Moulson, Andrew Ladd, Kyle Brodziak, Ryan Callahan, Adam Cracknell, Devante Smith-Pelly
Custom OT Lines Defensemen
Patrik Nemeth, Greg Pateryn, Trevor Daley, Adam McQuaid, Jamie Oleksiak

Scratches
Nathan Beaulieu (Healthy)

Oilers

5 vs 5 Forward 
   Center                   Left Wing                Right Wing               Time % Phy DF OF 
 1 Connor McDavid           Justin Abdelkader        Ryan Johansen            40     1   2  2  
 2 Nico Hischier            Zemgus Girgensons        Jordan Eberle            30     1   2  2  
 3 Conor Sheary             Tyler Motte              Oliver Bjorkstrand       20     1   2  2  
 4 Greg Carey               Sonny Milano             Connor McDavid           10     1   2  2  

5 vs 5 Defense 
   Defense                  Defense                                           Time % Phy DF OF 
 1 Seth Jones               Aaron Ekblad                                      40     1   2  2  
 2 Marc-Edouard Vlasic      Marco Scandella                                   30     1   2  2  
 3 Vince Dunn               Cameron Gaunce                                    20     1   2  2  
 4 Mike Reilly              Zach Trotman                                      10     1   2  2  

PowerPlay Forward 
   Center                   Left Wing                Right Wing               Time % Phy DF OF 
 1 Connor McDavid           Justin Abdelkader        Ryan Johansen            60     1   2  2  
 2 Nico Hischier            Zemgus Girgensons        Jordan Eberle            40     1   2  2  

PowerPlay Defense
   Defense                  Defense                                           Time % Phy DF OF 
 1 Seth Jones               Aaron Ekblad                                      60     1   2  2  
 2 Marc-Edouard Vlasic      Marco Scandella                                   40     1   2  2  

Penalty Kill 4 Players Forward 
   Center                   Wing                     Time % Phy DF OF 
 1 Connor McDavid           Ryan Johansen            60     1   2  2  
 2 Nico Hischier            Jordan Eberle            40     1   2  2  

Penalty Kill 4 Players Defense
   Defense                  Defense                  Time % Phy DF OF 
 1 Seth Jones               Aaron Ekblad             60     1   2  2  
 2 Marc-Edouard Vlasic      Marco Scandella          40     1   2  2  

Penalty Kill - 3 Players Forward 
   Forward                                           Time % Phy DF OF 
 1 Connor McDavid                                    60     1   2  2  
 2 Ryan Johansen                                     40     1   2  2  

Penalty Kill - 3 Players Defense
   Defense                  Defense                  Time % Phy DF OF 
 1 Seth Jones               Aaron Ekblad             60     1   2  2  
 2 Marc-Edouard Vlasic      Marco Scandella          40     1   2  2  

4 vs 4 Forward 
   Center                   Wing                     Time % Phy DF OF 
 1 Connor McDavid           Ryan Johansen            60     1   2  2  
 2 Nico Hischier            Jordan Eberle            40     1   2  2  

4 vs 4 Defense
   Defense                  Defense                  Time % Phy DF OF 
 1 Seth Jones               Aaron Ekblad             60     1   2  2  
 2 Marc-Edouard Vlasic      Marco Scandella          40     1   2  2  

Last Minutes Offensive
   Center                   Left Wing                Right Wing               Defense                  Defense                  
   Connor McDavid           Justin Abdelkader        Ryan Johansen            Seth Jones               Aaron Ekblad             

Last Minutes Defensive
   Center                   Left Wing                Right Wing               Defense                  Defense                  
   Connor McDavid           Justin Abdelkader        Ryan Johansen            Seth Jones               Aaron Ekblad             

Goaltenders
Starting : Thomas Greiss            
Backup : Thatcher Demko           

Extra Forwards
Normal : Conor Sheary, Oliver Bjorkstrand, Greg Carey - PP : Conor Sheary, Oliver Bjorkstrand - PK : Greg Carey
Extra Defensemen
Normal : Vince Dunn, Cameron Gaunce, Mike Reilly - PP : Vince Dunn - PK : Cameron Gaunce, Mike Reilly
Penalty Shots
Connor McDavid, Ryan Johansen, Nico Hischier, Jordan Eberle, Justin Abdelkader
Custom OT Lines Forwards
Connor McDavid, Ryan Johansen, Nico Hischier, Jordan Eberle, Justin Abdelkader, Zemgus Girgensons, Conor Sheary, Oliver Bjorkstrand, Greg Carey, Tyler Motte
Custom OT Lines Defensemen
Seth Jones, Aaron Ekblad, Marc-Edouard Vlasic, Marco Scandella, Vince Dunn

Scratches
Evgeni Dadonov (Healthy), Ryan Miller (Healthy)

% Time on Ice - Panthers

Lines # - Real PCT - Wanted PCT - Time Play
Normal Forward
1 - 31% - 34% - 15:23
2 - 30% - 33% - 15:12
3 - 29% - 24% - 14:41
4 - 10% - 9% - 4:49
Normal Defense
1 - 32% - 34% - 16:01
2 - 32% - 32% - 16:15
3 - 24% - 24% - 12:04
4 - 11% - 10% - 5:45
PP Forward
1 - 55% - 60% - 2:10
2 - 45% - 40% - 1:48
PP Defense
1 - 61% - 60% - 2:24
2 - 39% - 40% - 1:34
PK Forward
1 - 76% - 60% - 4:32
2 - 24% - 40% - 1:25
PK Defense
1 - 66% - 60% - 3:54
2 - 34% - 40% - 2:03
PK3 Forward
1 - 0% - 60%
2 - 0% - 40%
PK3 Defense
1 - 0% - 60%
2 - 0% - 40%
44 Forward
1 - 0% - 60%
2 - 0% - 40%
44 Defense
1 - 0% - 60%
2 - 0% - 40%
Last Minute Offensive  - 0:00
Last Minute Defensive  - 0:00
Total
Forward - 60:00
Defense - 60:00

% Time on Ice - Oilers

Lines # - Real PCT - Wanted PCT - Time Play
Normal Forward
1 - 31% - 40% - 15:44
2 - 30% - 30% - 14:52
3 - 26% - 20% - 13:14
4 - 12% - 10% - 6:15
Normal Defense
1 - 38% - 40% - 19:03
2 - 30% - 30% - 14:57
3 - 22% - 20% - 11:04
4 - 10% - 10% - 5:01
PP Forward
1 - 67% - 60% - 3:59
2 - 33% - 40% - 1:58
PP Defense
1 - 79% - 60% - 4:43
2 - 21% - 40% - 1:14
PK Forward
1 - 75% - 60% - 2:58
2 - 25% - 40% - 1:00
PK Defense
1 - 58% - 60% - 2:19
2 - 42% - 40% - 1:39
PK3 Forward
1 - 0% - 60%
2 - 0% - 40%
PK3 Defense
1 - 0% - 60%
2 - 0% - 40%
44 Forward
1 - 0% - 60%
2 - 0% - 40%
44 Defense
1 - 0% - 60%
2 - 0% - 40%
Last Minute Offensive  - 0:00
Last Minute Defensive  - 0:00
Total
Forward - 60:00
Defense - 60:00

Play-by-Play

1st period


0:01 of 1st period - Ryan Johansen wins face-off versus J.T. Miller in neutral zone.
0:04 of 1st period - Wrist shot by Connor McDavid.
0:04 of 1st period - Shot Misses the Net.
0:06 of 1st period - Snap shot by Justin Abdelkader.
0:06 of 1st period - Stopped by Antti Raanta without a rebound.
0:07 of 1st period - Connor McDavid wins face-off versus J.T. Miller in Panthers zone.
0:14 of 1st period - Snap shot by Connor McDavid.
0:14 of 1st period - Stopped by Antti Raanta with a rebound.
0:16 of 1st period - Slapshot by Aaron Ekblad.
0:16 of 1st period - Stopped by Antti Raanta without a rebound.
0:17 of 1st period - Travis Zajac wins face-off versus Nico Hischier in Panthers zone.
0:22 of 1st period - Nico Hischier is hit by Travis Zajac and loses puck.
0:33 of 1st period - Wrist shot by Andrew Ladd.
0:33 of 1st period - Shot Misses the Net.
0:43 of 1st period - Adam McQuaid is hit by Oliver Bjorkstrand and loses puck.
1:11 of 1st period - Justin Abdelkader is hit by Alexander Petrovic and loses puck.
1:20 of 1st period - Wrist shot by Garnet Hathaway.
1:20 of 1st period - Stopped by Thomas Greiss with a rebound.
1:34 of 1st period - Jordan Eberle is hit by Matt Moulson.
1:52 of 1st period - Snap shot by Sonny Milano.
1:52 of 1st period - Shot Misses the Net.
2:32 of 1st period - Wrist shot by Mats Zuccarello.
2:32 of 1st period - Shot Blocked by Mike Reilly.
2:34 of 1st period - Slapshot by Greg Pateryn.
2:34 of 1st period - Stopped by Thomas Greiss without a rebound.
2:35 of 1st period - Matt Moulson wins face-off versus Nico Hischier in Oilers zone.
2:36 of 1st period - Snap shot by Travis Zajac.
2:36 of 1st period - Stopped by Thomas Greiss without a rebound.
2:37 of 1st period - Nico Hischier wins face-off versus Travis Zajac in Oilers zone.
2:48 of 1st period - Snap shot by Andrew Ladd.
2:48 of 1st period - Stopped by Thomas Greiss without a rebound.
2:49 of 1st period - Kyle Brodziak wins face-off versus Connor McDavid in Oilers zone.
2:54 of 1st period - Wrist shot by Kyle Brodziak.
2:54 of 1st period - Deflect By Adam Cracknell.
2:54 of 1st period - Shot Hit the Post.
2:54 of 1st period - Puck is out of play.
2:55 of 1st period - Kyle Brodziak wins face-off versus Connor McDavid in Oilers zone.
3:13 of 1st period - Icing by Seth Jones.
3:14 of 1st period - Travis Zajac wins face-off versus Ryan Johansen in Oilers zone.
3:39 of 1st period - Aaron Ekblad is hit by Mats Zuccarello and loses puck.
3:46 of 1st period - Snap shot by J.T. Miller.
3:46 of 1st period - Stopped by Thomas Greiss with a rebound.
3:48 of 1st period - Slapshot by Alexander Petrovic.
3:48 of 1st period - Shot Misses the Net.
3:50 of 1st period - Snap shot by Jamie Oleksiak.
3:50 of 1st period - Shot Misses the Net.
4:57 of 1st period - Slapshot by Oliver Bjorkstrand.
4:57 of 1st period - Stopped by Antti Raanta without a rebound.
4:58 of 1st period - J.T. Miller wins face-off versus Conor Sheary in Panthers zone.
5:49 of 1st period - Slapshot by Adam Cracknell.
5:49 of 1st period - Shot Blocked by Jordan Eberle.
5:51 of 1st period - Slapshot by Jonas Siegenthaler.
5:51 of 1st period - Deflect By Kyle Brodziak.
5:51 of 1st period - Shot Misses the Net.
5:51 of 1st period - Puck is out of play.
5:52 of 1st period - J.T. Miller wins face-off versus Ryan Johansen in Oilers zone.
7:03 of 1st period - Wrist shot by Conor Sheary.
7:03 of 1st period - Stopped by Antti Raanta with a rebound.
7:17 of 1st period - Patrik Nemeth is hit by Justin Abdelkader and loses puck.
7:32 of 1st period - Wrist shot by Nico Hischier.
7:32 of 1st period - Stopped by Antti Raanta without a rebound.
7:33 of 1st period - J.T. Miller wins face-off versus Nico Hischier in Panthers zone.
7:48 of 1st period - Slapshot by Nico Hischier.
7:48 of 1st period - Shot Blocked by Alexander Petrovic.
8:07 of 1st period - Wrist shot by Conor Sheary.
8:07 of 1st period - Shot Misses the Net.
8:23 of 1st period - Snap shot by Connor McDavid.
8:23 of 1st period - Stopped by Antti Raanta without a rebound.
8:24 of 1st period - Kyle Brodziak wins face-off versus Greg Carey in Panthers zone.
8:31 of 1st period - Wrist shot by Adam Cracknell.
8:31 of 1st period - Stopped by Thomas Greiss with a rebound.
8:33 of 1st period - Wrist shot by Ryan Callahan.
8:33 of 1st period - Stopped by Thomas Greiss without a rebound.
8:34 of 1st period - J.T. Miller wins face-off versus Connor McDavid in Oilers zone.
8:39 of 1st period - Wrist shot by Mats Zuccarello.
8:39 of 1st period - Stopped by Thomas Greiss with a rebound.
8:41 of 1st period - Snap shot by Mats Zuccarello.
8:41 of 1st period - Stopped by Thomas Greiss with a rebound.
8:49 of 1st period - Ryan Johansen is hit by Mats Zuccarello.
9:28 of 1st period - Snap shot by Oliver Bjorkstrand.
9:28 of 1st period - Stopped by Antti Raanta without a rebound.
9:29 of 1st period - Connor McDavid wins face-off versus J.T. Miller in Panthers zone.
9:55 of 1st period - Adam McQuaid is hit by Zemgus Girgensons and loses puck.
10:08 of 1st period - Snap shot by Nico Hischier.
10:08 of 1st period - Shot Misses the Net.
10:20 of 1st period - Wrist shot by Adam Cracknell.
10:20 of 1st period - Stopped by Thomas Greiss without a rebound.
10:21 of 1st period - Conor Sheary wins face-off versus Adam Cracknell in Oilers zone.
10:28 of 1st period - Snap shot by Oliver Bjorkstrand.
10:28 of 1st period - Stopped by Antti Raanta without a rebound.
10:29 of 1st period - Connor McDavid wins face-off versus Garnet Hathaway in Panthers zone.
10:30 of 1st period - Snap shot by Ryan Johansen.
10:30 of 1st period - Deflect By Connor McDavid.
10:30 of 1st period - Shot Blocked by Garnet Hathaway.
10:30 of 1st period - Puck is out of play.
10:31 of 1st period - Connor McDavid wins face-off versus Garnet Hathaway in Panthers zone.
11:01 of 1st period - Snap shot by Nico Hischier.
11:01 of 1st period - Shot Blocked by Patrik Nemeth.
11:21 of 1st period - Wrist shot by Adam Cracknell.
11:21 of 1st period - Deflect By Ryan Callahan.
11:21 of 1st period - Shot Misses the Net.
11:21 of 1st period - Puck is out of play.
11:22 of 1st period - Connor McDavid wins face-off versus Kyle Brodziak in Oilers zone.
11:39 of 1st period - Slapshot by Connor McDavid.
11:39 of 1st period - Shot Blocked by Adam Cracknell.
11:59 of 1st period - Snap shot by Taylor Hall.
11:59 of 1st period - Shot Misses the Net.
12:43 of 1st period - Greg Pateryn is hit by Marco Scandella and loses puck.
14:04 of 1st period - Off-side.
14:05 of 1st period - Kyle Brodziak wins face-off versus Conor Sheary in neutral zone.
14:26 of 1st period - Icing by Oliver Bjorkstrand.
14:27 of 1st period - J.T. Miller wins face-off versus Conor Sheary in Oilers zone.
15:22 of 1st period - Seth Jones is hit by Adam Cracknell and loses puck.
16:03 of 1st period - Marc-Edouard Vlasic is hit by Andrew Ladd and loses puck.
17:36 of 1st period - Taylor Hall is hit by Zach Trotman and loses puck.
17:43 of 1st period - Snap shot by Adam McQuaid.
17:43 of 1st period - Stopped by Thomas Greiss without a rebound.
17:44 of 1st period - Travis Zajac wins face-off versus Nico Hischier in Oilers zone.
17:45 of 1st period - Wrist shot by Andrew Ladd.
17:45 of 1st period - Stopped by Thomas Greiss without a rebound.
17:46 of 1st period - Travis Zajac wins face-off versus Nico Hischier in Oilers zone.
17:47 of 1st period - Snap shot by Andrew Ladd.
17:47 of 1st period - Stopped by Thomas Greiss without a rebound.
17:48 of 1st period - Nico Hischier wins face-off versus Travis Zajac in Oilers zone.
18:34 of 1st period - Minor Penalty to Patrik Nemeth for Tripping.
18:35 of 1st period - Taylor Hall wins face-off versus Connor McDavid in Panthers zone.
18:43 of 1st period - Wrist shot by Travis Zajac.
18:43 of 1st period - Deflect By Taylor Hall.
18:43 of 1st period - Shot Misses the Net.
18:43 of 1st period - Puck is out of play.
18:44 of 1st period - Connor McDavid wins face-off versus Taylor Hall in Oilers zone.
19:03 of 1st period - Wrist shot by Ryan Johansen.
19:03 of 1st period - Stopped by Antti Raanta with a rebound.
19:05 of 1st period - Slapshot by Aaron Ekblad.
19:05 of 1st period - Stopped by Antti Raanta with a rebound.
19:15 of 1st period - Wrist shot by Ryan Johansen.
19:15 of 1st period - Shot Blocked by Taylor Hall.
19:17 of 1st period - Snap shot by Ryan Johansen.
19:17 of 1st period - Stopped by Antti Raanta with a rebound.
19:35 of 1st period - Wrist shot by Ryan Johansen.
19:35 of 1st period - Shot Misses the Net.
19:53 of 1st period - Slapshot by Ryan Johansen.
19:53 of 1st period - Shot Blocked by Taylor Hall.
19:55 of 1st period - Snap shot by Justin Abdelkader.
19:55 of 1st period - Deflect By Taylor Hall.
19:55 of 1st period - Shot Misses the Net.
19:55 of 1st period - Puck is out of play.
19:56 of 1st period - J.T. Miller wins face-off versus Nico Hischier in Panthers zone.
Goals for this period are 0 for Panthers vs 0 for Oilers.
Shots for this period are 13 for Panthers vs 12 for Oilers.

2nd period


0:01 of 2nd period - Connor McDavid wins face-off versus Taylor Hall in neutral zone.
0:04 of 2nd period - Slapshot by Connor McDavid.
0:04 of 2nd period - Shot Hit the Post.
0:34 of 2nd period - Penalty to Patrik Nemeth is over, Patrik Nemeth is back on ice.
0:50 of 2nd period - Patrik Nemeth is hit by Connor McDavid and loses puck.
0:57 of 2nd period - Slapshot by Greg Carey.
0:57 of 2nd period - Shot Misses the Net.
0:59 of 2nd period - Slapshot by Marco Scandella.
0:59 of 2nd period - Shot Misses the Net.
1:11 of 2nd period - Kyle Brodziak is hit by Oliver Bjorkstrand and loses puck.
1:26 of 2nd period - Minor Penalty to Cameron Gaunce for High sticking.
1:27 of 2nd period - Mats Zuccarello wins face-off versus Connor McDavid in Oilers zone.
3:13 of 2nd period - Andrew Ladd is hit by Marco Scandella and loses puck.
3:26 of 2nd period - Penalty to Cameron Gaunce is over, Cameron Gaunce is back on ice.
3:32 of 2nd period - Marco Scandella is hit by Mats Zuccarello and loses puck.
3:42 of 2nd period - Off-side.
3:43 of 2nd period - Conor Sheary wins face-off versus Kyle Brodziak in neutral zone.
3:50 of 2nd period - Snap shot by Oliver Bjorkstrand.
3:50 of 2nd period - Stopped by Antti Raanta without a rebound.
3:51 of 2nd period - Kyle Brodziak wins face-off versus Conor Sheary in Panthers zone.
3:58 of 2nd period - Snap shot by Conor Sheary.
3:58 of 2nd period - Stopped by Antti Raanta with a rebound.
4:06 of 2nd period - Wrist shot by Oliver Bjorkstrand.
4:06 of 2nd period - Shot Misses the Net.
4:14 of 2nd period - Snap shot by Conor Sheary.
4:14 of 2nd period - Stopped by Antti Raanta with a rebound.
4:16 of 2nd period - Wrist shot by Conor Sheary.
4:16 of 2nd period - Stopped by Antti Raanta without a rebound.
4:17 of 2nd period - Travis Zajac wins face-off versus Connor McDavid in Panthers zone.
4:25 of 2nd period - Snap shot by Andrew Ladd.
4:25 of 2nd period - Shot Blocked by Aaron Ekblad.
4:27 of 2nd period - Wrist shot by Matt Moulson.
4:27 of 2nd period - Stopped by Thomas Greiss with a rebound.
4:29 of 2nd period - Backhand shot by Matt Moulson.
4:29 of 2nd period - Stopped by Thomas Greiss without a rebound.
4:30 of 2nd period - Connor McDavid wins face-off versus J.T. Miller in Oilers zone.
5:02 of 2nd period - Off-side.
5:03 of 2nd period - Connor McDavid wins face-off versus Travis Zajac in neutral zone.
5:18 of 2nd period - Backhand shot by Matt Moulson.
5:18 of 2nd period - Stopped by Thomas Greiss with a rebound.
6:33 of 2nd period - Snap shot by Nico Hischier.
6:33 of 2nd period - Shot Blocked by Patrik Nemeth.
6:35 of 2nd period - Slapshot by Seth Jones.
6:35 of 2nd period - Stopped by Antti Raanta with a rebound.
6:49 of 2nd period - Snap shot by Ryan Callahan.
6:49 of 2nd period - Shot Misses the Net.
7:22 of 2nd period - Jonas Siegenthaler is hit by Zemgus Girgensons and loses puck.
8:29 of 2nd period - Snap shot by Jordan Eberle.
8:29 of 2nd period - Stopped by Antti Raanta with a rebound.
8:59 of 2nd period - Kyle Brodziak is hit by Tyler Motte and loses puck.
9:16 of 2nd period - Wrist shot by Taylor Hall.
9:16 of 2nd period - Deflect By Devante Smith-Pelly.
9:16 of 2nd period - Stopped by Thomas Greiss without a rebound.
9:17 of 2nd period - Greg Carey wins face-off versus Travis Zajac in Oilers zone.
9:28 of 2nd period - Snap shot by Greg Carey.
9:28 of 2nd period - Stopped by Antti Raanta with a rebound.
9:46 of 2nd period - Icing by Taylor Hall.
9:47 of 2nd period - J.T. Miller wins face-off versus Nico Hischier in Panthers zone.
10:00 of 2nd period - Snap shot by Jordan Eberle.
10:00 of 2nd period - Shot Misses the Net.
10:02 of 2nd period - Slapshot by Nico Hischier.
10:02 of 2nd period - Shot Blocked by Adam McQuaid.
10:40 of 2nd period - Snap shot by Kyle Brodziak.
10:40 of 2nd period - Stopped by Thomas Greiss without a rebound.
10:41 of 2nd period - J.T. Miller wins face-off versus Connor McDavid in Oilers zone.
10:42 of 2nd period - Snap shot by Taylor Hall.
10:42 of 2nd period - Goal by Taylor Hall - Panthers : 1 - Oilers : 0.
10:43 of 2nd period - Connor McDavid wins face-off versus J.T. Miller in neutral zone.
11:58 of 2nd period - Slapshot by Garnet Hathaway.
11:58 of 2nd period - Shot Misses the Net.
12:08 of 2nd period - Oliver Bjorkstrand is hit by Taylor Hall and loses puck.
12:39 of 2nd period - Wrist shot by Adam Cracknell.
12:39 of 2nd period - Stopped by Thomas Greiss with a rebound.
13:06 of 2nd period - Minor Penalty to Adam McQuaid for Hooking.
13:07 of 2nd period - Connor McDavid wins face-off versus Taylor Hall in Panthers zone.
13:09 of 2nd period - Snap shot by Connor McDavid.
13:09 of 2nd period - Deflect By Ryan Johansen.
13:09 of 2nd period - Shot Misses the Net.
13:09 of 2nd period - Puck is out of play.
13:10 of 2nd period - Connor McDavid wins face-off versus Taylor Hall in Panthers zone.
13:53 of 2nd period - Off-side.
13:54 of 2nd period - J.T. Miller wins face-off versus Nico Hischier in neutral zone.
15:06 of 2nd period - Penalty to Adam McQuaid is over, Adam McQuaid is back on ice.
15:11 of 2nd period - Slapshot by Conor Sheary.
15:11 of 2nd period - Stopped by Antti Raanta with a rebound.
15:13 of 2nd period - Wrist shot by Conor Sheary.
15:13 of 2nd period - Shot Misses the Net.
15:15 of 2nd period - Slapshot by Seth Jones.
15:15 of 2nd period - Shot Blocked by Andrew Ladd.
16:33 of 2nd period - Minor Penalty to Nico Hischier for Hooking.
16:34 of 2nd period - Connor McDavid wins face-off versus Taylor Hall in Oilers zone.
16:44 of 2nd period - Snap shot by J.T. Miller.
16:44 of 2nd period - Stopped by Thomas Greiss without a rebound.
16:45 of 2nd period - Connor McDavid wins face-off versus Taylor Hall in Oilers zone.
17:15 of 2nd period - Slapshot by Patrik Nemeth.
17:15 of 2nd period - Shot Blocked by Aaron Ekblad.
17:17 of 2nd period - Slapshot by Greg Pateryn.
17:17 of 2nd period - Deflect By Andrew Ladd.
17:17 of 2nd period - Stopped by Thomas Greiss without a rebound.
17:18 of 2nd period - Travis Zajac wins face-off versus Greg Carey in Oilers zone.
17:50 of 2nd period - Jordan Eberle is hit by Taylor Hall and loses puck.
18:33 of 2nd period - Penalty to Nico Hischier is over, Nico Hischier is back on ice.
18:41 of 2nd period - Aaron Ekblad is hit by Kyle Brodziak and loses puck.
19:12 of 2nd period - Greg Carey is hit by Ryan Callahan and loses puck.
Goals for this period are 1 for Panthers vs 0 for Oilers.
Shots for this period are 9 for Panthers vs 8 for Oilers.

3rd period


0:01 of 3rd period - Ryan Johansen wins face-off versus J.T. Miller in neutral zone.
0:38 of 3rd period - Adam McQuaid is hit by Ryan Johansen and loses puck.
0:43 of 3rd period - Wrist shot by Connor McDavid.
0:43 of 3rd period - Shot Misses the Net.
0:59 of 3rd period - Snap shot by Connor McDavid.
0:59 of 3rd period - Shot Misses the Net.
1:01 of 3rd period - Snap shot by Ryan Johansen.
1:01 of 3rd period - Shot Blocked by Adam Cracknell.
2:01 of 3rd period - Slapshot by Seth Jones.
2:01 of 3rd period - Shot Misses the Net.
2:03 of 3rd period - Wrist shot by Connor McDavid.
2:03 of 3rd period - Shot Misses the Net.
2:05 of 3rd period - Wrist shot by Justin Abdelkader.
2:05 of 3rd period - Stopped by Antti Raanta with a rebound.
2:07 of 3rd period - Wrist shot by Justin Abdelkader.
2:07 of 3rd period - Goal by Justin Abdelkader - Panthers : 1 - Oilers : 1.
2:08 of 3rd period - J.T. Miller wins face-off versus Nico Hischier in neutral zone.
2:12 of 3rd period - Off-side.
2:13 of 3rd period - J.T. Miller wins face-off versus Nico Hischier in neutral zone.
2:16 of 3rd period - Slapshot by Taylor Hall.
2:16 of 3rd period - Shot Blocked by Nico Hischier.
2:28 of 3rd period - Snap shot by Taylor Hall.
2:28 of 3rd period - Deflect By J.T. Miller.
2:28 of 3rd period - Shot Blocked by Nico Hischier.
2:28 of 3rd period - Puck is out of play.
2:29 of 3rd period - Travis Zajac wins face-off versus Conor Sheary in Oilers zone.
2:42 of 3rd period - Backhand shot by Travis Zajac.
2:42 of 3rd period - Shot Misses the Net.
2:44 of 3rd period - Wrist shot by Travis Zajac.
2:44 of 3rd period - Stopped by Thomas Greiss without a rebound.
2:45 of 3rd period - J.T. Miller wins face-off versus Nico Hischier in Oilers zone.
3:14 of 3rd period - Snap shot by Oliver Bjorkstrand.
3:14 of 3rd period - Stopped by Antti Raanta without a rebound.
3:15 of 3rd period - Travis Zajac wins face-off versus Conor Sheary in Panthers zone.
3:15 of 3rd period - Travis Zajac is hit by Tyler Motte.
3:21 of 3rd period - Snap shot by Matt Moulson.
3:21 of 3rd period - Shot Blocked by Conor Sheary.
3:23 of 3rd period - Slapshot by Alexander Petrovic.
3:23 of 3rd period - Shot Blocked by Aaron Ekblad.
3:25 of 3rd period - Slapshot by Alexander Petrovic.
3:25 of 3rd period - Deflect By Travis Zajac.
3:25 of 3rd period - Shot Misses the Net.
3:25 of 3rd period - Puck is out of play.
3:26 of 3rd period - Connor McDavid wins face-off versus Mats Zuccarello in Oilers zone.
3:34 of 3rd period - Off-side.
3:35 of 3rd period - Connor McDavid wins face-off versus Taylor Hall in neutral zone.
3:44 of 3rd period - Slapshot by Connor McDavid.
3:44 of 3rd period - Stopped by Antti Raanta without a rebound.
3:45 of 3rd period - J.T. Miller wins face-off versus Ryan Johansen in Panthers zone.
3:45 of 3rd period - J.T. Miller is hit by Connor McDavid.
3:55 of 3rd period - Taylor Hall is hit by Justin Abdelkader and loses puck.
4:12 of 3rd period - Mats Zuccarello is hit by Conor Sheary.
4:26 of 3rd period - Snap shot by Mats Zuccarello.
4:26 of 3rd period - Stopped by Thomas Greiss without a rebound.
4:27 of 3rd period - Travis Zajac wins face-off versus Connor McDavid in Oilers zone.
4:32 of 3rd period - Snap shot by Travis Zajac.
4:32 of 3rd period - Shot Misses the Net.
4:52 of 3rd period - Nico Hischier is hit by Kyle Brodziak and loses puck.
5:04 of 3rd period - Adam Cracknell is hit by Nico Hischier and loses puck.
5:46 of 3rd period - Connor McDavid is hit by Adam McQuaid.
6:00 of 3rd period - Snap shot by Taylor Hall.
6:00 of 3rd period - Stopped by Thomas Greiss without a rebound.
6:01 of 3rd period - Kyle Brodziak wins face-off versus Greg Carey in Oilers zone.
6:16 of 3rd period - Wrist shot by Adam Cracknell.
6:16 of 3rd period - Shot Misses the Net.
6:54 of 3rd period - Aaron Ekblad is hit by Taylor Hall and loses puck.
7:19 of 3rd period - Wrist shot by Conor Sheary.
7:19 of 3rd period - Shot Misses the Net.
7:56 of 3rd period - Slapshot by Andrew Ladd.
7:56 of 3rd period - Stopped by Thomas Greiss without a rebound.
7:57 of 3rd period - Travis Zajac wins face-off versus Greg Carey in Oilers zone.
9:29 of 3rd period - Minor Penalty to Adam McQuaid for Hooking.
9:30 of 3rd period - Travis Zajac wins face-off versus Connor McDavid in Panthers zone.
10:09 of 3rd period - Alexander Petrovic is hit by Jordan Eberle and loses puck.
11:26 of 3rd period - Greg Pateryn is hit by Seth Jones and loses puck.
11:29 of 3rd period - Penalty to Adam McQuaid is over, Adam McQuaid is back on ice.
12:51 of 3rd period - Cameron Gaunce is hit by Adam McQuaid and loses puck.
12:52 of 3rd period - Cameron Gaunce from Oilers is injured at 12:52 of 3rd period (Left Forearm).
12:53 of 3rd period - Justin Abdelkader wins face-off versus Mats Zuccarello in Oilers zone.
12:55 of 3rd period - Icing by Aaron Ekblad.
12:56 of 3rd period - J.T. Miller wins face-off versus Connor McDavid in Oilers zone.
13:07 of 3rd period - Snap shot by Mats Zuccarello.
13:07 of 3rd period - Stopped by Thomas Greiss without a rebound.
13:08 of 3rd period - Connor McDavid wins face-off versus J.T. Miller in Oilers zone.
13:15 of 3rd period - Wrist shot by Ryan Johansen.
13:15 of 3rd period - Shot Misses the Net.
13:17 of 3rd period - Slapshot by Aaron Ekblad.
13:17 of 3rd period - Stopped by Antti Raanta with a rebound.
13:19 of 3rd period - Slapshot by Connor McDavid.
13:19 of 3rd period - Shot Misses the Net.
13:23 of 3rd period - Wrist shot by Connor McDavid.
13:23 of 3rd period - Stopped by Antti Raanta with a rebound.
13:25 of 3rd period - Wrist shot by Ryan Johansen.
13:25 of 3rd period - Shot Misses the Net.
13:56 of 3rd period - Snap shot by Kyle Brodziak.
13:56 of 3rd period - Deflect By Adam Cracknell.
13:56 of 3rd period - Stopped by Thomas Greiss without a rebound.
13:57 of 3rd period - Kyle Brodziak wins face-off versus Conor Sheary in Oilers zone.
14:00 of 3rd period - Snap shot by Kyle Brodziak.
14:00 of 3rd period - Shot Blocked by Marc-Edouard Vlasic.
14:02 of 3rd period - Snap shot by Jamie Oleksiak.
14:02 of 3rd period - Stopped by Thomas Greiss with a rebound.
14:04 of 3rd period - Snap shot by Ryan Callahan.
14:04 of 3rd period - Stopped by Thomas Greiss with a rebound.
14:06 of 3rd period - Snap shot by Alexander Petrovic.
14:06 of 3rd period - Deflect By Marco Scandella.
14:06 of 3rd period - Stopped by Thomas Greiss with a rebound.
14:27 of 3rd period - Snap shot by Conor Sheary.
14:27 of 3rd period - Deflect By Tyler Motte.
14:27 of 3rd period - Shot Misses the Net.
14:27 of 3rd period - Puck is out of play.
14:28 of 3rd period - Connor McDavid wins face-off versus J.T. Miller in Panthers zone.
14:59 of 3rd period - Slapshot by Jordan Eberle.
14:59 of 3rd period - Stopped by Antti Raanta with a rebound.
15:42 of 3rd period - Trevor Daley is hit by Ryan Johansen.
15:52 of 3rd period - J.T. Miller is hit by Jordan Eberle and loses puck.
16:16 of 3rd period - Icing by Connor McDavid.
16:17 of 3rd period - Kyle Brodziak wins face-off versus Justin Abdelkader in Oilers zone.
16:28 of 3rd period - Snap shot by J.T. Miller.
16:28 of 3rd period - Stopped by Thomas Greiss with a rebound.
18:40 of 3rd period - Slapshot by Ryan Callahan.
18:40 of 3rd period - Shot Blocked by Conor Sheary.
19:19 of 3rd period - Icing by Justin Abdelkader.
19:20 of 3rd period - Connor McDavid wins face-off versus Ryan Callahan in Oilers zone.
Goals for this period are 0 for Panthers vs 1 for Oilers.
Shots for this period are 10 for Panthers vs 7 for Oilers.

Overtime #1


0:01 of 1st overtime period - Travis Zajac wins face-off versus Nico Hischier in neutral zone.
0:04 of 1st overtime period - Wrist shot by Travis Zajac.
0:04 of 1st overtime period - Shot Misses the Net.
0:12 of 1st overtime period - Backhand shot by Seth Jones.
0:12 of 1st overtime period - Shot Blocked by Taylor Hall.
0:12 of 1st overtime period - Taylor Hall from Panthers is injured at 0:12 of 1st overtime period (Strained Right Elbow).
0:13 of 1st overtime period - Ryan Johansen wins face-off versus Travis Zajac in Panthers zone.
0:16 of 1st overtime period - Snap shot by Connor McDavid.
0:16 of 1st overtime period - Shot Hit the Post.
0:18 of 1st overtime period - Wrist shot by Connor McDavid.
0:18 of 1st overtime period - Stopped by Antti Raanta with a rebound.
0:20 of 1st overtime period - Wrist shot by Ryan Johansen.
0:20 of 1st overtime period - Stopped by Antti Raanta without a rebound.
0:21 of 1st overtime period - Ryan Johansen wins face-off versus Travis Zajac in Panthers zone.
0:43 of 1st overtime period - Icing by Seth Jones.
0:44 of 1st overtime period - Ryan Johansen wins face-off versus Matt Moulson in Oilers zone.
0:55 of 1st overtime period - Wrist shot by Matt Moulson.
0:55 of 1st overtime period - Shot Blocked by Connor McDavid.
0:57 of 1st overtime period - Snap shot by Mats Zuccarello.
0:57 of 1st overtime period - Deflect By Matt Moulson.
0:57 of 1st overtime period - Stopped by Thomas Greiss without a rebound.
0:58 of 1st overtime period - Ryan Johansen wins face-off versus Travis Zajac in Oilers zone.
1:25 of 1st overtime period - Mats Zuccarello is hit by Connor McDavid and loses puck.
1:50 of 1st overtime period - Snap shot by Kyle Brodziak.
1:50 of 1st overtime period - Deflect By Andrew Ladd.
1:50 of 1st overtime period - Stopped by Thomas Greiss without a rebound.
1:51 of 1st overtime period - Justin Abdelkader wins face-off versus Kyle Brodziak in Oilers zone.
1:58 of 1st overtime period - Slapshot by Seth Jones.
1:58 of 1st overtime period - Shot Blocked by Kyle Brodziak.
2:04 of 1st overtime period - Seth Jones is hit by Patrik Nemeth and loses puck.
2:17 of 1st overtime period - Snap shot by Justin Abdelkader.
2:17 of 1st overtime period - Shot Misses the Net.
3:25 of 1st overtime period - Slapshot by Justin Abdelkader.
3:25 of 1st overtime period - Deflect By Zemgus Girgensons.
3:25 of 1st overtime period - Shot Blocked by Patrik Nemeth.
3:25 of 1st overtime period - Puck is out of play.
3:26 of 1st overtime period - Travis Zajac wins face-off versus Ryan Johansen in Panthers zone.
3:35 of 1st overtime period - Slapshot by J.T. Miller.
3:35 of 1st overtime period - Deflect By Travis Zajac.
3:35 of 1st overtime period - Shot Misses the Net.
3:35 of 1st overtime period - Puck is out of play.
3:36 of 1st overtime period - Travis Zajac wins face-off versus Ryan Johansen in Oilers zone.
3:47 of 1st overtime period - Snap shot by Travis Zajac.
3:47 of 1st overtime period - Stopped by Thomas Greiss with a rebound.
4:12 of 1st overtime period - Icing by Jordan Eberle.
4:13 of 1st overtime period - Travis Zajac wins face-off versus Nico Hischier in Oilers zone.
4:44 of 1st overtime period - Snap shot by Connor McDavid.
4:44 of 1st overtime period - Stopped by Antti Raanta with a rebound.
Goals for this period are 0 for Panthers vs 0 for Oilers.
Shots for this period are 3 for Panthers vs 3 for Oilers.

ShootOut


5:00 of 1st overtime period - Round #1.
5:00 of 1st overtime period - Panthers, Mats Zuccarello.
5:00 of 1st overtime period - Snap shot by Mats Zuccarello.
5:00 of 1st overtime period - Goal by Mats Zuccarello.
5:00 of 1st overtime period - Oilers, Connor McDavid.
5:00 of 1st overtime period - Deke by Connor McDavid.
5:00 of 1st overtime period - Stopped by Antti Raanta.
5:00 of 1st overtime period - Round #2.
5:00 of 1st overtime period - Panthers, Travis Zajac.
5:00 of 1st overtime period - Deke by Travis Zajac.
5:00 of 1st overtime period - Stopped by Thomas Greiss.
5:00 of 1st overtime period - Oilers, Ryan Johansen.
5:00 of 1st overtime period - Wrist shot by Ryan Johansen.
5:00 of 1st overtime period - Stopped by Antti Raanta.
5:00 of 1st overtime period - Round #3.
5:00 of 1st overtime period - Panthers, J.T. Miller.
5:00 of 1st overtime period - Backhand shot by J.T. Miller.
5:00 of 1st overtime period - Shot Misses the Net.
5:00 of 1st overtime period - Oilers, Nico Hischier.
5:00 of 1st overtime period - Deke by Nico Hischier.
5:00 of 1st overtime period - Stopped by Antti Raanta. Output by the SimonT Hockey Simulator (STHS) for Eric Tremblay - Original Page W3C HTML5 Valid
Hockey Simulator - Hockey Simulation - Hockey Manager